SAA
WESTWOOD SIXSHOOTERS @ LONG ISLAND SEAWOLVES
08/15/2021
 
TOP OF THE 1ST
Westwood Sixshooters batting - Pitching for Long Island Seawolves : RHP Jim Unknown
Pitching: RHP Jim Unknown
Batting: RHB Sergio Martínez 0-0: Ground out 4-3 (Groundball, 4)
Batting: RHB Jorge Morales 0-0: Ball
1-0: Ball
2-0: Ball
3-0: Called Strike
3-1: Foul Ball, location: 2F
3-2: Base on Balls
Batting: RHB Jason Boyer 0-0: Swinging Strike
0-1: Foul Ball, location: 2F
0-2: Ball
1-2: Foul Ball, location: 2F
1-2: Strikes out swinging
Batting: RHB Brandon Cooper 0-0: Ball
1-0: Swinging Strike
1-1: Ball
2-1: Foul Ball, location: 2F
2-2: Strikes out swinging
Top of the 1st over - 0 run(s), 0 hit(s), 0 error(s), 1 left on base; Westwood 0 - Long Island 0
BOTTOM OF THE 1ST
Long Island Seawolves batting - Pitching for Westwood Sixshooters : RHP José Barajas
Pitching: RHP José Barajas
Batting: LHB Jim Unknown 0-0: Called Strike
0-1: Ground out 4-3 (Groundball, 4)
Batting: SHB Terry Conley 0-0: Ball
1-0: Ball
2-0: Ball
3-0: Base on Balls
Batting: SHB Carroll Kline 0-0: Foul Ball, location: 2F
0-1: Ball
1-1: Ball
2-1: Swinging Strike
2-2: Grounds into double play, 1-4-3 (Groundball, 13S)
Bottom of the 1st over - 0 run(s), 0 hit(s), 0 error(s), 0 left on base; Westwood 0 - Long Island 0
TOP OF THE 2ND
Westwood Sixshooters batting - Pitching for Long Island Seawolves : RHP Jim Unknown
Batting: LHB George Best 0-0: Foul Ball, location: 2F
0-1: Foul Ball, location: 2F
0-2: Ball
1-2: Strikes out swinging
Batting: RHB Brian Olivares 0-0: Called Strike
0-1: Swinging Strike
0-2: Ball
1-2: Foul Ball, location: 2F
1-2: Ball
2-2: SOLO HOME RUN (Flyball, 78XD), Distance : 365 ft
Batting: SHB Ethan Jollymour 0-0: Ball
1-0: SINGLE (Line Drive, 89S)
Batting: RHB Richard Hicks 0-0: Called Strike
0-1: Called Strike
0-2: Strikes out looking
Batting: RHB Winston Sparks 0-0: Ball
1-0: Called Strike
1-1: Ball
2-1: Ball
3-1: Foul Ball, location: 2F
3-2: Base on Balls
Ethan Jollymour to second
Batting: RHB Sergio Martínez 0-0: Fly out, F4 (Popup, 4)
Top of the 2nd over - 1 run(s), 2 hit(s), 0 error(s), 2 left on base; Westwood 1 - Long Island 0
BOTTOM OF THE 2ND
Long Island Seawolves batting - Pitching for Westwood Sixshooters : RHP José Barajas
Batting: RHB Roy Clay 0-0: Called Strike
0-1: Fly out, F8 (Flyball, 8RM)
Batting: RHB Jim Unknown 0-0: Ball
1-0: Foul Ball, location: 2F
1-1: Ball
2-1: Ball
3-1: Ground out 5-3 (Groundball, 56)
Batting: RHB David Morales 0-0: Called Strike
0-1: Ball
1-1: Ground out 5-3 (Groundball, 56)
Bottom of the 2nd over - 0 run(s), 0 hit(s), 0 error(s), 0 left on base; Westwood 1 - Long Island 0
TOP OF THE 3RD
Westwood Sixshooters batting - Pitching for Long Island Seawolves : RHP Jim Unknown
Batting: RHB Jorge Morales 0-0: Swinging Strike
0-1: SINGLE (Line Drive, 5D)
Batting: RHB Jason Boyer 0-0: Ball
1-0: Swinging Strike
1-1: Foul Ball, location: 2F
1-2: Strikes out swinging
Batting: RHB Brandon Cooper 0-0: Swinging Strike
0-1: Ball
1-1: Ball
2-1: Swinging Strike
2-2: Fly out, F8 (Flyball, 8RXD)
Batting: LHB George Best 0-0: Foul Ball, location: 2F
0-1: Ground out 4-3 (Groundball, 4)
Top of the 3rd over - 0 run(s), 1 hit(s), 0 error(s), 1 left on base; Westwood 1 - Long Island 0
BOTTOM OF THE 3RD
Long Island Seawolves batting - Pitching for Westwood Sixshooters : RHP José Barajas
Batting: RHB Jim Unknown 0-0: Ball
1-0: Called Strike
1-1: Called Strike
1-2: Ball
2-2: Foul Ball, location: 2F
2-2: DOUBLE (Line Drive, 78S)
Batting: RHB Jim Unknown 0-0: Ball
1-0: Ground out 6-3 (Groundball, 56)
Batting: RHB Jim Unknown 0-0: Ball
1-0: Called Strike
1-1: Ball
2-1: Foul Ball, location: 2F
2-2: Ground out 5-3 (Groundball, 5S)
Jim Unknown to third
Batting: LHB Jim Unknown 0-0: Swinging Strike
0-1: Ball
1-1: Called Strike
1-2: Strikes out swinging
Bottom of the 3rd over - 0 run(s), 1 hit(s), 0 error(s), 1 left on base; Westwood 1 - Long Island 0
TOP OF THE 4TH
Westwood Sixshooters batting - Pitching for Long Island Seawolves : RHP Jim Unknown
Batting: RHB Brian Olivares 0-0: Called Strike
0-1: Ball
1-1: Fly out, F9 (Flyball, 89M)
Batting: SHB Ethan Jollymour 0-0: Ball
1-0: Foul Ball, location: 2F
1-1: Ball
2-1: Swinging Strike
2-2: Foul Ball, location: 2F
2-2: Ball
3-2: Foul Ball, location: 2F
3-2: Foul Ball, location: 2F
3-2: SOLO HOME RUN (Flyball, 89XD), Distance : 369 ft
Batting: RHB Richard Hicks 0-0: Foul Ball, location: 2F
0-1: Ball
1-1: Foul Ball, location: 2F
1-2: Reached on Error, E9 (Flyball, 89M)
Batting: RHB Winston Sparks 0-0: Foul Ball, location: 2F
0-1: Grounds into double play, 1-6-3 (Groundball, 13)
Top of the 4th over - 1 run(s), 1 hit(s), 1 error(s), 0 left on base; Westwood 2 - Long Island 0
BOTTOM OF THE 4TH
Long Island Seawolves batting - Pitching for Westwood Sixshooters : RHP José Barajas
Batting: SHB Terry Conley 0-0: Ball
1-0: Foul Ball, location: 2F
1-1: Ground out U3 (Groundball, 3S)
Batting: SHB Carroll Kline 0-0: Ball
1-0: Ball
2-0: Ball
3-0: Called Strike
3-1: SINGLE (Line Drive, 78S)
Batting: RHB Roy Clay 0-0: Ball
1-0: Swinging Strike
1-1: Foul Ball, location: 2F
1-2: Foul Ball, location: 2F
1-2: Ball
2-2: Foul Ball, location: 2F
2-2: Ball
3-2: Foul Ball, location: 2F
3-2: Ground out 5-3 (Groundball, 15S)
Carroll Kline to second
Batting: RHB Jim Unknown 0-0: Ball
1-0: Ball
2-0: Ball
3-0: Called Strike
3-1: Foul Ball, location: 2F
3-2: Fly out, F9 (Flyball, 89M)
Bottom of the 4th over - 0 run(s), 1 hit(s), 0 error(s), 1 left on base; Westwood 2 - Long Island 0
TOP OF THE 5TH
Westwood Sixshooters batting - Pitching for Long Island Seawolves : RHP Jim Unknown
Batting: RHB Sergio Martínez 0-0: Ball
1-0: Ground out 1-3 (Groundball, 15)
Batting: RHB Jorge Morales 0-0: Called Strike
0-1: Called Strike
0-2: Ball
1-2: Strikes out swinging
Batting: RHB Jason Boyer 0-0: Ball
1-0: Ball
2-0: Called Strike
2-1: Foul Ball, location: 2F
2-2: Foul Ball, location: 2F
2-2: SINGLE (Flyball, 89S)
Batting: RHB Brandon Cooper 0-0: Ball
1-0: Foul Ball, location: 2F
1-1: Swinging Strike
1-2: Foul Ball, location: 2F
1-2: Strikes out swinging
Top of the 5th over - 0 run(s), 1 hit(s), 0 error(s), 1 left on base; Westwood 2 - Long Island 0
BOTTOM OF THE 5TH
Long Island Seawolves batting - Pitching for Westwood Sixshooters : RHP José Barajas
Batting: RHB David Morales 0-0: Foul Ball, location: 2F
0-1: Ball
1-1: Called Strike
1-2: Ball
2-2: Foul Ball, location: 2F
2-2: DOUBLE (Line Drive, 4MD)
Batting: RHB Jim Unknown 0-0: Foul Ball, location: 2F
0-1: Ball
1-1: Foul Ball, location: 2F
1-2: Fly out, F8 (Flyball, 8LM)
Batting: RHB Jim Unknown 0-0: Ball
1-0: Foul Ball, location: 2F
1-1: Swinging Strike
1-2: Ball
2-2: Ball
3-2: Base on Balls
Batting: RHB Jim Unknown 0-0: Ground out 5-3 (Groundball, 56S)
David Morales to third
Jim Unknown to second
Batting: LHB Jim Unknown 0-0: Ground out U3 (Groundball, 3)
Bottom of the 5th over - 0 run(s), 1 hit(s), 0 error(s), 2 left on base; Westwood 2 - Long Island 0
TOP OF THE 6TH
Westwood Sixshooters batting - Pitching for Long Island Seawolves : RHP Jim Unknown
Batting: LHB George Best 0-0: Called Strike
0-1: Ball
1-1: Foul Ball, location: 2F
1-2: Fly out, F8 (Flyball, 8LXD)
Batting: RHB Brian Olivares 0-0: Called Strike
0-1: Ball
1-1: Ground out 4-3 (Groundball, 4)
Batting: SHB Ethan Jollymour 0-0: Foul Ball, location: 2F
0-1: Fly out, F8 (Flyball, 8LM)
Top of the 6th over - 0 run(s), 0 hit(s), 0 error(s), 0 left on base; Westwood 2 - Long Island 0
BOTTOM OF THE 6TH
Long Island Seawolves batting - Pitching for Westwood Sixshooters : RHP José Barajas
Batting: SHB Terry Conley 0-0: Ball
1-0: Ball
2-0: Ball
3-0: Called Strike
3-1: Base on Balls
Batting: SHB Carroll Kline 0-0: Ball
1-0: Ground out 4-3 (Groundball, 4M)
Terry Conley to second
Batting: RHB Roy Clay 0-0: Called Strike
0-1: Ball
1-1: Called Strike
1-2: Strikes out looking
Batting: RHB Jim Unknown 0-0: Foul Ball, location: 2F
0-1: Ball
1-1: Ball
2-1: Called Strike
2-2: Ball
3-2: Strikes out swinging
Bottom of the 6th over - 0 run(s), 0 hit(s), 0 error(s), 1 left on base; Westwood 2 - Long Island 0
TOP OF THE 7TH
Westwood Sixshooters batting - Pitching for Long Island Seawolves : RHP Jim Unknown
Batting: RHB Richard Hicks 0-0: Foul Ball, location: 2F
0-1: Fly out, F9 (Flyball, 9M)
Batting: RHB Winston Sparks 0-0: Ball
1-0: Ground out 5-3 (Groundball, 56)
Batting: RHB Sergio Martínez 0-0: Foul Ball, location: 2F
0-1: Called Strike
0-2: Foul Ball, location: 2F
0-2: Strikes out looking
Top of the 7th over - 0 run(s), 0 hit(s), 0 error(s), 0 left on base; Westwood 2 - Long Island 0
BOTTOM OF THE 7TH
Long Island Seawolves batting - Pitching for Westwood Sixshooters : RHP José Barajas
Batting: RHB David Morales 0-0: Ball
1-0: Ball
2-0: Ball
3-0: Called Strike
3-1: SOLO HOME RUN (Flyball, 7D), Distance : 353 ft
Batting: RHB Jim Unknown 0-0: Called Strike
0-1: Ball
1-1: Ball
2-1: Swinging Strike
2-2: Ball
3-2: Foul Ball, location: 2F
3-2: Base on Balls
Batting: RHB Jim Unknown 0-0: Ball
1-0: Ball
2-0: Foul Ball, location: 2F
2-1: SINGLE (Line Drive, 6MD)
Jim Unknown to second
Batting: RHB Jim Unknown 0-0: Ball
1-0: Ball
2-0: Called Strike
2-1: Ball
3-1: Ball
Jim Unknown to third
Jim Unknown to second
Pinch Hitting: LHB Jim Unknown 0-0: Grounds into fielders choice 1-2 (Groundball, 15S)
Jim Unknown to third
Jim Unknown to second
Batting: SHB Terry Conley 0-0: Called Strike
0-1: Ball
1-1: Fly out, F7 (Popup, 5D)
Pitching: RHP Paul Abbott
Batting: SHB Carroll Kline 0-0: Fly out, F5 (Popup, 5F)
Bottom of the 7th over - 1 run(s), 2 hit(s), 0 error(s), 3 left on base; Westwood 2 - Long Island 1
TOP OF THE 8TH
Westwood Sixshooters batting - Pitching for Long Island Seawolves : RHP Jim Unknown
Pitching: RHP Jim Unknown
Now at SS: Jim Unknown
Batting: RHB Jorge Morales 0-0: Ball
1-0: Ball
2-0: Called Strike
2-1: SINGLE (Groundball, 56D)
Pinch Hitting: LHB Davis Mills 0-0: Fly out, F7 (Line Drive, 7LM)
Batting: RHB Brandon Cooper 0-0: Ball
1-0: Swinging Strike
1-1: Ball
2-1: Ball
3-1: Called Strike
3-2: Foul Ball, location: 2F
3-2: Foul Ball, location: 2F
3-2: Foul Ball, location: 2F
3-2: Foul Ball, location: 2F
3-2: Foul Ball, location: 2F
3-2: Base on Balls
Jorge Morales to second
Batting: LHB George Best 0-0: Called Strike
0-1: Fly out, F8 (Line Drive, 8LM)
Pinch Hitting: LHB José Martínez 0-0: Foul Ball, location: 2F
0-1: Foul Ball, location: 2F
0-2: Ball
1-2: Foul Ball, location: 2F
1-2: Fly out, F9 (Line Drive, 89M)
Top of the 8th over - 0 run(s), 1 hit(s), 0 error(s), 2 left on base; Westwood 2 - Long Island 1
BOTTOM OF THE 8TH
Long Island Seawolves batting - Pitching for Westwood Sixshooters : RHP Paul Abbott
Pitching: RHP Ben Fallon
Now at C: Júlio García
Now at 1B: Manuel Becerra
Now in LF: José Martínez
Batting: RHB Roy Clay 0-0: Ball
1-0: Foul Ball, location: 2F
1-1: Ball
2-1: Ball
3-1: SOLO HOME RUN (Flyball, 7D), Distance : 359 ft
Batting: RHB Jim Unknown 0-0: Ball
1-0: Foul Ball, location: 2F
1-1: Swinging Strike
1-2: Strikes out swinging
Batting: RHB David Morales 0-0: Ball
1-0: Foul Ball, location: 2F
1-1: Ball
2-1: Ball
3-1: Foul Ball, location: 2F
3-2: Base on Balls
Batting: RHB Jim Unknown 0-0: Called Strike
0-1: SINGLE (Groundball, 4MD)
David Morales to second
Batting: RHB Jim Unknown 0-0: Ball
1-0: Ball
2-0: Ball
3-0: Called Strike
3-1: Grounds into double play, 1-4-3 (Groundball, 13)
Bottom of the 8th over - 1 run(s), 2 hit(s), 0 error(s), 1 left on base; Westwood 2 - Long Island 2
TOP OF THE 9TH
Westwood Sixshooters batting - Pitching for Long Island Seawolves : RHP Jim Unknown
Pitching: LHP Jim Unknown
Pinch Hitting: RHB Pedro Cortés 0-0: Called Strike
0-1: Called Strike
0-2: Ground out 6-3 (Groundball, 6)
Batting: RHB Richard Hicks 0-0: Ball
1-0: Called Strike
1-1: Called Strike
1-2: Foul Ball, location: 2F
1-2: Ground out U3 (Groundball, 3S)
Pinch Hitting: RHB Don Thomas 0-0: Ball
1-0: Ball
2-0: Swinging Strike
2-1: Ground out 6-3 (Groundball, 6M)
Top of the 9th over - 0 run(s), 0 hit(s), 0 error(s), 0 left on base; Westwood 2 - Long Island 2
BOTTOM OF THE 9TH
Long Island Seawolves batting - Pitching for Westwood Sixshooters : RHP Ben Fallon
Pitching: RHP Juan Guillén
Now at 1B: Pedro Cortés
Now at 3B: Ron Schneider
Batting: RHB Jim Unknown 0-0: Called Strike
0-1: Swinging Strike
0-2: Ball
1-2: SINGLE (Line Drive, 6D)
Batting: RHB Jim Unknown 0-0: Sac Bunt - play at first, batter OUT! 1-4
Jim Unknown to second
Batting: SHB Terry Conley 0-0: Ball
1-0: Called Strike
1-1: Ball
2-1: DOUBLE (Flyball, 8RXD)
Jim Unknown scores
This league is powered by Out of the Park Baseball, the baseball management simulation game for PC, Mac and Linux
Friday, January 22nd, 2016 - OOTP Baseball 16.9 Build 39